 Dungeon Crawl Stone Soup version 0.29-a0-643-ga013cefcf8 (webtiles) character file.

Game seed: 3255514132159775278

2508 lunkers the Fighter (level 9, -1/78 HPs)
             Began as a Formicid Fighter on June 19, 2022.
             Was an Initiate of Yredelemnul.
             Slain by a killer bee (7 damage)
             ... on level 7 of the Dungeon.
             The game lasted 00:10:22 (7612 turns).

lunkers the Fighter (Formicid Fighter)              Turns: 7612, Time: 00:10:23

Health: -1/78      AC: 13    Str: 33    XL:     9   Next: 83%
Magic:  9/9        EV: 10    Int:  9    God:    Yredelemnul [......]
Gold:   398        SH: 10    Dex: 13    Spells: 8/8 levels left

rFire   . . .      SeeInvis +   o - +1 dire flail (protect)
rCold   . . .      Faith    .   c - +0 buckler
rNeg    + . .      Spirit   .   g - +0 scale mail
rPois   .          Reflect  +   (helmet unavailable)
rElec   .          Harm     .   p - +2 cloak
rCorr   .          Rampage  .   u - +2 pair of gloves
Will    .....                   (no boots)
Stlth   ..........              v - amulet of reflection
HPRegen 0.23/turn               z - +6 ring of strength
MPRegen 0.11/turn               C - ring of Noon {rN+ Str+3}

@: no status effects
A: permanent stasis, dig shafts and tunnels, antennae 3, four strong arms
a: Dig, Shaft Self, Renounce Religion, Recall Undead Harvest


You were on level 7 of the Dungeon.
You worshipped Yredelemnul.
Yredelemnul was noncommittal.
You visited 2 branches of the dungeon, and saw 8 of its levels.

You collected 398 gold pieces.

Inventory:

Hand Weapons
 a - a +0 flail
 b - a +1 spear
 o - a +1 dire flail of protection (weapon)
Armour
 c - a +0 buckler (worn)
 e - a +1 cloak
 g - a +0 scale mail (worn)
 p - a +2 cloak (worn)
 r - a +0 pair of gloves
 u - a +2 pair of gloves (worn)
Jewellery
 v - an amulet of reflection (around neck)
 w - an amulet of faith
 y - a +6 ring of intelligence
 z - a +6 ring of strength (left hand)
 C - the ring of Noon (right hand) {rN+ Str+3}
   (You found it on level 7 of the Dungeon)

   [ring of positive energy]

   Str:       It affects your strength (+3).
   rN:        It protects you from negative energy.
Wands
 f - a wand of flame (22)
Scrolls
 h - 4 scrolls of poison
 i - a scroll of amnesia
 x - 2 scrolls of fear
 D - a scroll of identify
Potions
 d - 2 potions of might
 j - a potion of haste
 k - 2 potions of attraction
 l - a potion of resistance
 m - a potion of magic
 n - 2 potions of invisibility
 q - 2 potions of curing
 s - a potion of mutation {unknown}
 t - 2 potions of heal wounds {unknown}
 A - a potion of ambrosia {unknown}
 B - a potion of lignification {unknown}


   Skills:
 + Level 10.3 Fighting
 - Level 2.9 Maces & Flails
 + Level 8.6 Polearms
 - Level 3.2 Armour
 - Level 4.0 Shields


You had 8 spell levels left.
You didn't know any spells.
Your spell library contained the following spells:

 Spells                   Type           Power      Damage    Failure   Level
 Apportation              Tloc           0%         N/A       67%         1
 Necrotize                Necr           0%         1d4       67%         1
 Sandblast                Erth           0%         2d4       67%         1
 Summon Small Mammal      Summ           0%         N/A       67%         1
 Passwall                 Tmut/Erth      0%         N/A       82%         2
 Call Canine Familiar     Summ           0%         N/A       96%         3
 Portal Projectile        Hex/Tloc       0%         N/A       96%         3
 Stone Arrow              Conj/Erth      0%         3d7       96%         3
 Leda's Liquefaction      Hex/Erth       0%         N/A       100%        4
 Summon Ice Beast         Ice/Summ       0%         N/A       100%        4
 Summon Mana Viper        Hex/Summ       0%         N/A       100%        5
 Monstrous Menagerie      Summ           0%         N/A       100%        7


Dungeon Overview and Level Annotations

Branches:
Dungeon (7/15)             Temple (1/1) D:6

Altars:
Ashenzari
Cheibriados
Makhleb
Qazlal
Ru
Sif Muna
Trog
Uskayaw
Xom
Yredelemnul
Zin

Shops:
D:1 (   D:7 [*?:


Innate Abilities, Weirdness & Mutations

You cannot be hasted, slowed, berserked, paralysed or teleported.
You can dig through walls and to a lower floor.
You have a pair of large antennae on your head. (SInv)
Your four strong arms can wield two-handed weapons with a shield.


Message History

The killer bee poisons you! The killer bee closely misses you.
Unknown command.
Unknown command.
Hit: o) +1 dire flail (protect)
Press: ? - help, Dir - move target, f/p - killer bee
Aim: a killer bee (severely wounded, about 71% to evade your +1 dire flail of protection)
You closely miss the killer bee.
The killer bee is severely wounded.
You feel sick.
The killer bee stings you but does no damage.
The killer bee closely misses you. x2; You block the killer bee's attack.
Unknown command.
Unknown command.
Hit: o) +1 dire flail (protect)
Press: ? - help, Dir - move target, f/p - killer bee
Aim: a killer bee (severely wounded, about 71% to evade your +1 dire flail of protection)
You closely miss the killer bee.
The killer bee is severely wounded.
You feel sick. The killer bee closely misses you. The killer bee stings you.
* * * LOW HITPOINT WARNING * * *
You block the killer bee's attack.
The killer bee stings you but does no damage.
The killer bee stings you.
* * * LOW HITPOINT WARNING * * *
The killer bee stings you but does no damage.
Unknown command.
Unknown command.
You feel better. The killer bee barely misses you.
You block the killer bee's attack.
The killer bee stings you but does no damage.
The killer bee stings you.
* * * LOW HITPOINT WARNING * * *
Hit: o) +1 dire flail (protect)
Press: ? - help, Dir - move target, f/p - killer bee
Aim: a killer bee (severely wounded, about 71% to evade your +1 dire flail of protection)
You miss the killer bee.
The killer bee is severely wounded.
The killer bee closely misses you. The killer bee stings you!
You die...
Your body rises from the dead as a mindless zombie.

.... #........ ....###
#........ ......####........
#....#.#......... 8.8..
#...........>... . ......
#......##.......
.≈≈8.8.8...##.......#.###...
.≈≈........##...yy....# #.
.≈≈≈.......#<...@#.####
..≈≈.............###
...≈...............#. {
.............###.....#
............>.####...#
.......................
....{..##..........##..
...... #......##..# #.
...... #.#.##..# ..


You could see 2 killer bees.

Vanquished Creatures
  A hornet (D:7)
  Edmund (D:4)
  2 water moccasins
  A black bear (D:6)
  A sky beast (D:7)
  2 ogres
  3 centaurs
  2 phantoms
  A kobold brigand (D:6)
  A bullfrog (D:7)
  2 necrophages
  A scorpion (D:6)
  3 wights (D:5)
  4 killer bees (D:7)
  A howler monkey (D:6)
  8 hounds
  2 orc priests (D:5)
  An iguana (D:7)
  An orc wizard (D:4)
  9 adders
  A white imp (D:7)
  3 worms
  2 dart slugs
  13 orcs
  11 bats
  3 endoplasms (D:1)
  16 giant cockroaches
  7 goblins
  9 hobgoblins
  4 jackals
  6 quokkas
  6 ball pythons
  4 frilled lizards
  13 kobolds
  7 rats
152 creatures vanquished.

Vanquished Creatures (others)
  A water moccasin zombie (D:7)
  2 centaur zombies (D:7)
  A scorpion zombie (D:6)
  A sky beast zombie (D:7)
  A hound zombie (D:7)
  An iguana zombie (D:7)
7 creatures vanquished.

Grand Total: 159 creatures vanquished

Notes
Turn   | Place    | Note
-------+----------+-------------------------------------------
     0 | D:1      | lunkers the Formicid Fighter began the quest for the Orb.
     0 | D:1      | Reached XP level 1. HP: 18/18 MP: 1/1
   289 | D:1      | Reached XP level 2. HP: 18/24 MP: 2/2
   660 | D:1      | Reached XP level 3. HP: 30/30 MP: 3/3
   739 | D:1      | Found Dois's Weapon Shoppe.
   747 | D:1      | Found a faded altar of an unknown god.
   885 | D:1      | Reached skill level 4 in Fighting
  1520 | D:2      | Reached XP level 4. HP: 38/38 MP: 4/4
  2204 | D:2      | Reached skill level 5 in Fighting
  2492 | D:3      | Reached XP level 5. HP: 44/44 MP: 5/5
  2774 | D:3      | Noticed a phantom
  2783 | D:3      | Killed a phantom
  3388 | D:3      | Reached XP level 6. HP: 50/51 MP: 6/6
  3699 | D:4      | Reached skill level 6 in Fighting
  3908 | D:4      | Noticed Edmund
  3927 | D:4      | Killed Edmund
  3928 | D:4      | Reached XP level 7. HP: 35/59 MP: 7/7
  4963 | D:5      | Entered Level 5 of the Dungeon
  4994 | D:5      | Noticed a water moccasin
  5012 | D:5      | Killed a water moccasin
  5013 | D:5      | Reached skill level 7 in Fighting
  5013 | D:5      | Reached skill level 5 in Polearms
  5219 | D:5      | Reached XP level 8. HP: 67/67 MP: 8/8
  5474 | D:5      | Reached skill level 8 in Fighting
  5603 | D:5      | Identified the +1 robe of Privacy {Str+5}
  6101 | D:6      | Found a shimmering blue altar of Sif Muna.
  6150 | D:6      | Found a staircase to the Ecumenical Temple.
  6161 | Temple   | Entered the Ecumenical Temple
  6333 | Temple   | Became a worshipper of Yredelemnul the Dark
  6365 | D:6      | Reached XP level 9. HP: 75/75 MP: 9/9
  6580 | D:6      | Reached * piety under Yredelemnul
  6704 | D:6      | Reached skill level 9 in Fighting
  7049 | D:7      | Found Siywea Nuuh's Book Shop.
  7052 | D:7      | Found Rehokkal's Magic Scroll Shop.
  7053 | D:7      | Found Ovvial's Antique Armour Shop.
  7054 | D:7      | Found Viyxaeq's General Store.
  7239 | D:7      | Found a bloodstained altar of Trog.
  7277 | D:7      | Noticed a hornet
  7292 | D:7      | Identified the ring of Noon {rN+ Str+3}
  7300 | D:7      | Killed a hornet
  7301 | D:7      | Reached skill level 10 in Fighting
  7612 | D:7      | Slain by a killer bee

Illustrated notes

Levels and vault maps discovered:
D:1:      lightli_molten_gateway, layout_loops_corners, serial_shops,
          nicolae_shop_crystal, ebering_ecumenical_altar_mist,
          serial_bayou_pond_e, nrook_loot_triangle,
          amcnicky_mini_corridor_feature, amcnicky_mini_rare_corridor_liquid,
          minmay_close_crescents
D:2:      minmay_roachtagon, layout_basic
D:3:      layout_basic, minmay_cut_off
D:4:      layout_basic, minmay_misc_feat_diagonals, kennysheep_potato,
          uniq_edmund
D:5:      layout_rooms
D:6:      layout_cave_pools, mainiacjoe_overflow_tiny_flanked,
          minmay_temple_entry_statues_fountains
D:7:      layout_cave_pools, kennysheep_mini, serial_column_ruins,
          column_ruins_open_small, column_ruins_grid_1,
          column_ruins_corridor_water, column_ruins_open_large, minivault_26,
          nicolae_benzene_ring, minmay_shop_grid_forest,
          minmay_fractal_squares_gapless_5
Temple:   jpeg_temple_island

Skill      XL: |  1  2  3  4  5  6  7  8  9 |
---------------+----------------------------+-----
Fighting       | 4 5 6 7 8 10 | 10.3
Polearms       | 2 4 5 6 8 |  8.6
Maces & Flails | |  2.9
Armour         | |  3.2
Shields        | |  4.0

Action                   |  1- 3 |  4- 6 |  7- 9 || total
-------------------------+-------+-------+-------++-------
Melee: Flail             |   100 |   164 |       ||   264
       Spear             |       |    68 |       ||    68
       Dire flail        |       |       |   235 ||   235
 Abil: Dig               |       |     1 |       ||     1
Evoke: Wand              |       |     7 |       ||     7
  Use: Scroll            |     3 |     8 |     3 ||    14
       Potion            |       |     1 |     2 ||     3
 Stab: Distracted        |       |       |     1 ||     1
Armor: Scale mail        |    41 |    91 |   175 ||   307
Dodge: Dodged            |    55 |    96 |   121 ||   272
Block: Buckler           |    27 |    58 |   161 ||   246
       Reflection        |       |       |     3 ||     3

Table legend: (Time is in decaauts)
 A = Elapsed time spent in this place.
 B = Non-inter-level travel time spent in this place.
 C = Inter-level travel time spent in this place.
 D = Time resting spent in this place.
 E = Time spent auto-exploring this place.
 F = Levels seen in this place.
 G = Mean time per level.
                   A        B        C        D        E       F      G
               +--------+--------+--------+--------+--------+-----+--------+
         Total |   7774 |   7411 |    363 |    400 |   5710 |   8 |  971.8 |
       Dungeon |   7329 |   7009 |    320 |    201 |   5517 |   7 | 1047.0 |
        Temple |    444 |    402 |     42 |    199 |    193 |   1 |  444.0 |
               +--------+--------+--------+--------+--------+-----+--------+

Top non-repeatable levels by time:
     D:4: 1553 daAuts
     D:1: 1344 daAuts
     D:2: 1267 daAuts
     D:3: 1089 daAuts
     D:5: 793 daAuts
     D:6: 702 daAuts
     D:7: 578 daAuts
  Temple: 444 daAuts
